MID
WEST MICHIGAN WHITECAPS @ CHARLESTON RIVERDOGS
09/02/2049
 
TOP OF THE 1ST
West Michigan Whitecaps batting - Pitching for Charleston RiverDogs : LHP Dustin Shaw
Pitching: LHP Dustin Shaw
Batting: RHB Janne Vihko 0-0: Called Strike
0-1: Swinging Strike
0-2: Foul Ball, location: 2F
0-2: Strikes out swinging
Batting: RHB Tanner Purchase 0-0: Swinging Strike
0-1: Ball
1-1: Called Strike
1-2: Ball
2-2: TRIPLE (Flyball, 8RXD, EV 94.4 MPH)
Batting: RHB Ernst Meloche 0-0: Called Strike
0-1: Swinging Strike
0-2: Foul Ball, location: 2F
0-2: Foul Ball, location: 2F
0-2: Fly out, F8 (Flyball, 8RS, EV 88.1 MPH)
Runner from 3rd tags up, SCORES, throw by CF
Batting: RHB Keith Hoffman 0-0: Ball
1-0: Called Strike
1-1: Foul Ball, location: 2F
1-2: Ground out 5-3 (Groundball, 5, EV 88.1 MPH)
Top of the 1st over - 1 run, 1 hit, 0 errors, 0 left on base; West Michigan 1 - Charleston 0
BOTTOM OF THE 1ST
Charleston RiverDogs batting - Pitching for West Michigan Whitecaps : RHP Neel Verhelst
Pitching: RHP Neel Verhelst
Batting: LHB Ernesto Abreu 0-0: Called Strike
0-1: Foul Ball, location: 2F
0-2: Strikes out swinging
Batting: LHB Joe Vida 0-0: Foul Ball, location: 2F
0-1: Called Strike
0-2: Ball
1-2: Ball
2-2: Strikes out swinging
Batting: LHB Jeremiah Walker 0-0: Ball
1-0: Called Strike
1-1: Ball
2-1: Ground out 4-3 (Groundball, 4S, EV 68.1 MPH)
Bottom of the 1st over - 0 runs, 0 hits, 0 errors, 0 left on base; West Michigan 1 - Charleston 0
TOP OF THE 2ND
West Michigan Whitecaps batting - Pitching for Charleston RiverDogs : LHP Dustin Shaw
Batting: RHB Norm Wood 0-0: Foul Ball, location: 2F
0-1: Foul Ball, location: 2F
0-2: Foul Ball, location: 2F
0-2: Fly out, F3 (Popup, 3SF, EV 73.8 MPH)
Batting: LHB Jamie Christian 0-0: Called Strike
0-1: Hit by Pitch
Batting: RHB Jon Goldstein 0-0: Ball
1-0: Foul Ball, location: 2F
1-1: Ball
2-1: Ball
3-1: Foul Ball, location: 2F
3-2: Strikes out swinging
Batting: SHB Chris Wagler 0-0: Called Strike
0-1: Ball
Jamie Christian steals 2nd base
1-1: Ball
2-1: Ball
3-1: Base on Balls
Batting: LHB Nick Nino 0-0: Ball
Wild Pitch!
Jamie Christian to third
Chris Wagler to second
1-0: Ball
2-0: Foul Ball, location: 2F
2-1: Ground out 6-3 (Groundball, 56, EV 81.9 MPH)
Top of the 2nd over - 0 runs, 0 hits, 0 errors, 2 left on base; West Michigan 1 - Charleston 0
BOTTOM OF THE 2ND
Charleston RiverDogs batting - Pitching for West Michigan Whitecaps : RHP Neel Verhelst
Batting: RHB Iften Olujimi 0-0: Ball
1-0: Called Strike
1-1: Swinging Strike
1-2: Foul Ball, location: 2F
1-2: Foul Ball, location: 2F
1-2: Ball
2-2: Strikes out swinging
Batting: LHB Marc Durgin 0-0: Ball
1-0: Called Strike
1-1: Ball
2-1: Ball
3-1: Foul Ball, location: 2F
3-2: Fly out, F5 (Line Drive, 5L, EV 74.4 MPH)
Batting: RHB Jeff McClellan 0-0: Ball
1-0: Called Strike
1-1: Ball
2-1: Ball
3-1: Base on Balls
Batting: LHB Andrew Davis 0-0: Called Strike
0-1: Called Strike
Jeff McClellan steals 2nd base
0-2: Ball
1-2: Ground out 6-3 (Groundball, 6, EV 106.9 MPH)
Bottom of the 2nd over - 0 runs, 0 hits, 0 errors, 1 left on base; West Michigan 1 - Charleston 0
TOP OF THE 3RD
West Michigan Whitecaps batting - Pitching for Charleston RiverDogs : LHP Dustin Shaw
Batting: RHB Janne Vihko 0-0: Ball
1-0: Ball
2-0: Called Strike
2-1: Ball
3-1: Ground out 5-3 (Groundball, 5S, EV 73.8 MPH)
Batting: RHB Tanner Purchase 0-0: Called Strike
0-1: Foul Ball, location: 2F
0-2: Ball
1-2: Foul Ball, location: 2F
1-2: Foul Ball, location: 2F
1-2: Ground out 5-3 (Groundball, 56S, EV 81.9 MPH)
Batting: RHB Ernst Meloche 0-0: Ball
1-0: Ball
2-0: SINGLE (Line Drive, 78S, EV 85.6 MPH)
Batting: RHB Keith Hoffman 0-0: Ball
1-0: Ball
2-0: Called Strike
2-1: Foul Ball, location: 2F
2-2: Ball
3-2: Base on Balls
Ernst Meloche to second
Batting: RHB Norm Wood 0-0: Fielders Choice at 2nd, 6-4 (Groundball, 6, EV 106.9 MPH)
Top of the 3rd over - 0 runs, 1 hit, 0 errors, 2 left on base; West Michigan 1 - Charleston 0
BOTTOM OF THE 3RD
Charleston RiverDogs batting - Pitching for West Michigan Whitecaps : RHP Neel Verhelst
Batting: RHB Bryan Massey 0-0: Ball
1-0: Foul Ball, location: 2F
1-1: Ball
2-1: Fly out, F9 (Flyball, 9LS, EV 93.1 MPH)
Batting: RHB Louwe Starmans 0-0: Swinging Strike
0-1: Called Strike
0-2: Ball
1-2: Strikes out swinging
Batting: LHB Ernesto Abreu 0-0: Ball
1-0: Foul Ball, location: 2F
1-1: Swinging Strike
1-2: Ball
2-2: Strikes out looking
Bottom of the 3rd over - 0 runs, 0 hits, 0 errors, 0 left on base; West Michigan 1 - Charleston 0
TOP OF THE 4TH
West Michigan Whitecaps batting - Pitching for Charleston RiverDogs : LHP Dustin Shaw
Batting: LHB Jamie Christian 0-0: Ball
1-0: Ground out 2-3 (Groundball, 2L, EV 68.8 MPH)
Batting: RHB Jon Goldstein 0-0: Called Strike
0-1: Ball
1-1: Ground out U3 (Groundball, 3, EV 103.8 MPH)
Batting: SHB Chris Wagler 0-0: Ball
1-0: Ball
2-0: Swinging Strike
2-1: Ball
3-1: Base on Balls
Batting: LHB Nick Nino 0-0: Called Strike
0-1: Ball
1-1: Foul Ball, location: 2F
1-2: Foul Ball, location: 2F
1-2: Ball
Chris Wagler is caught stealing 2nd base 2-6
Top of the 4th over - 0 runs, 0 hits, 0 errors, 0 left on base; West Michigan 1 - Charleston 0
BOTTOM OF THE 4TH
Charleston RiverDogs batting - Pitching for West Michigan Whitecaps : RHP Neel Verhelst
Batting: LHB Joe Vida 0-0: Called Strike
0-1: Ball
1-1: Ball
2-1: Ball
3-1: Called Strike
3-2: Fly out, F9 (Line Drive, 9D, EV 99.4 MPH)
Batting: LHB Jeremiah Walker 0-0: Foul Ball, location: 2F
0-1: Ball
1-1: Ball
2-1: Ground out U3 (Groundball, 34S, EV 91.9 MPH)
Batting: RHB Iften Olujimi 0-0: Ball
1-0: Foul Ball, location: 2F
1-1: Foul Ball, location: 2F
1-2: Foul Ball, location: 2F
1-2: Foul Ball, location: 2F
1-2: Ball
2-2: Strikes out swinging, 2-3 out at first.
Bottom of the 4th over - 0 runs, 0 hits, 0 errors, 0 left on base; West Michigan 1 - Charleston 0
TOP OF THE 5TH
West Michigan Whitecaps batting - Pitching for Charleston RiverDogs : LHP Dustin Shaw
Pitching: LHP Nick Hamlin
Batting: LHB Nick Nino 0-0: Ball
1-0: Ball
2-0: Ball
3-0: Base on Balls
Batting: RHB Janne Vihko 0-0: Grounds into double play, 4-6-3 (Groundball, 4S, EV 85.6 MPH)
Batting: RHB Tanner Purchase 0-0: Foul Ball, location: 2F
0-1: Ball
1-1: Foul Ball, location: 2F
1-2: Ball
2-2: Foul Ball, location: 2F
2-2: Foul Ball, location: 2F
2-2: Ball
3-2: Foul Ball, location: 2F
3-2: Base on Balls
Batting: RHB Ernst Meloche 0-0: Ball
1-0: Called Strike
Tanner Purchase is caught stealing 2nd base 2-4
Top of the 5th over - 0 runs, 0 hits, 0 errors, 0 left on base; West Michigan 1 - Charleston 0
BOTTOM OF THE 5TH
Charleston RiverDogs batting - Pitching for West Michigan Whitecaps : RHP Neel Verhelst
Batting: LHB Marc Durgin 0-0: Ball
1-0: Swinging Strike
1-1: Ball
2-1: Swinging Strike
2-2: Foul Ball, location: 2F
2-2: DOUBLE (Flyball, 8RXD, EV 103.1 MPH)
Batting: RHB Jeff McClellan 0-0: Called Strike
0-1: Ball
1-1: SINGLE (Groundball, 34D, EV 97.5 MPH)
Marc Durgin to third
Batting: LHB Andrew Davis 0-0: Ball
1-0: Ball
2-0: Foul Ball, location: 2F
2-1: Called Strike
2-2: Strikes out swinging
Batting: RHB Bryan Massey 0-0: Ball
Jeff McClellan steals 2nd base
1-0: Foul Ball, location: 2F
1-1: Ball
2-1: Fly out, F9 (Flyball, 89S, EV 79.4 MPH)
Pinch Hitting: RHB Mike Zern 0-0: Ball
1-0: Foul Ball, location: 2F
1-1: Foul Ball, location: 2F
1-2: Ball
2-2: Strikes out swinging
Bottom of the 5th over - 0 runs, 2 hits, 0 errors, 2 left on base; West Michigan 1 - Charleston 0
TOP OF THE 6TH
West Michigan Whitecaps batting - Pitching for Charleston RiverDogs : LHP Nick Hamlin
Now at 1B: Mike Zern
Now at 3B: Iften Olujimi
Batting: RHB Ernst Meloche 0-0: Ball
1-0: SINGLE (Groundball, 34D, EV 105.0 MPH)
Pitching: RHP Greg Ritchie
Batting: RHB Keith Hoffman 0-0: Reached on error, E1 (Groundball, 34S, EV 70.0 MPH)
Ernst Meloche to second
Batting: RHB Norm Wood 0-0: Called Strike
0-1: Ball
1-1: Swinging Strike
1-2: Strikes out swinging
Pitching: LHP Cory Musial
Batting: LHB Jamie Christian 0-0: Ball
1-0: Fly out, F7 (Flyball, 78S, EV 84.4 MPH)
Lined into DP, 7-4 (Flyball, 78S, EV 84.4 MPH)
Top of the 6th over - 0 runs, 1 hit, 1 error, 1 left on base; West Michigan 1 - Charleston 0
BOTTOM OF THE 6TH
Charleston RiverDogs batting - Pitching for West Michigan Whitecaps : RHP Neel Verhelst
Batting: LHB Ernesto Abreu 0-0: Called Strike
0-1: Ground out U3 (Groundball, 3L, EV 110.0 MPH)
Batting: LHB Joe Vida 0-0: Swinging Strike
0-1: Ball
1-1: Ground out 5-3 (Groundball, 5S, EV 76.2 MPH)
Batting: LHB Jeremiah Walker 0-0: Ball
1-0: Ground out 6-3 (Groundball, 6MD, EV 89.4 MPH)
Bottom of the 6th over - 0 runs, 0 hits, 0 errors, 0 left on base; West Michigan 1 - Charleston 0
TOP OF THE 7TH
West Michigan Whitecaps batting - Pitching for Charleston RiverDogs : LHP Cory Musial
Batting: RHB Jon Goldstein 0-0: Called Strike
0-1: Ground out 3-1 (Groundball, 34, EV 86.9 MPH)
Batting: SHB Chris Wagler 0-0: Ball
1-0: Ball
2-0: Called Strike
2-1: Foul Ball, location: 2F
2-2: Ball
3-2: Foul Ball, location: 2F
3-2: Strikes out swinging
Batting: LHB Nick Nino 0-0: Foul Ball, location: 2F
0-1: Ball
1-1: Foul Ball, location: 2F
1-2: Strikes out swinging
Top of the 7th over - 0 runs, 0 hits, 0 errors, 0 left on base; West Michigan 1 - Charleston 0
BOTTOM OF THE 7TH
Charleston RiverDogs batting - Pitching for West Michigan Whitecaps : RHP Neel Verhelst
Pitching: RHP Rick Young
Batting: RHB Iften Olujimi 0-0: Fly out, F9 (Flyball, 89S, EV 80.6 MPH)
Batting: LHB Marc Durgin 0-0: Hit by Pitch
Batting: RHB Jeff McClellan 0-0: Ball
1-0: Ball
2-0: Swinging Strike
2-1: Grounds into double play, 6-4-3 (Groundball, 6M, EV 88.8 MPH)
Bottom of the 7th over - 0 runs, 0 hits, 0 errors, 0 left on base; West Michigan 1 - Charleston 0
TOP OF THE 8TH
West Michigan Whitecaps batting - Pitching for Charleston RiverDogs : LHP Cory Musial
Batting: RHB Janne Vihko 0-0: Ball
1-0: Ball
2-0: Called Strike
2-1: Swinging Strike
2-2: Strikes out swinging
Batting: RHB Tanner Purchase 0-0: Called Strike
0-1: Ball
1-1: Ball
2-1: Ball
3-1: Fly out, F4 (Flyball, 34D, EV 84.4 MPH)
Batting: RHB Ernst Meloche 0-0: Ball
1-0: Called Strike
1-1: Swinging Strike
1-2: Strikes out swinging
Top of the 8th over - 0 runs, 0 hits, 0 errors, 0 left on base; West Michigan 1 - Charleston 0
BOTTOM OF THE 8TH
Charleston RiverDogs batting - Pitching for West Michigan Whitecaps : RHP Rick Young
Batting: LHB Andrew Davis 0-0: Foul Ball, location: 2F
0-1: Swinging Strike
0-2: Ball
1-2: Foul Ball, location: 2F
1-2: Strikes out looking
Batting: RHB Bryan Massey 0-0: Fly out, F8 (Flyball, 8LD, EV 98.8 MPH)
Batting: RHB Mike Zern 0-0: Called Strike
0-1: Called Strike
0-2: Strikes out swinging
Bottom of the 8th over - 0 runs, 0 hits, 0 errors, 0 left on base; West Michigan 1 - Charleston 0
TOP OF THE 9TH
West Michigan Whitecaps batting - Pitching for Charleston RiverDogs : LHP Cory Musial
Pitching: RHP Khayyat bin Faruq
Batting: RHB Keith Hoffman 0-0: Called Strike
0-1: Ball
1-1: Foul Ball, location: 2F
1-2: Foul Ball, location: 2F
1-2: Ball
2-2: Ball
3-2: Fly out, F8 (Flyball, 89D, EV 100.6 MPH)
Batting: RHB Norm Wood 0-0: Ball
1-0: Ball
2-0: Called Strike
2-1: Ball
3-1: Called Strike
3-2: Foul Ball, location: 2F
3-2: Base on Balls
Batting: LHB Jamie Christian 0-0: Ball
Norm Wood steals 2nd base
1-0: Intentional Walk
Batting: RHB Jon Goldstein 0-0: Ball
1-0: Ball
2-0: Called Strike
2-1: Ball
Norm Wood is caught stealing 3rd base 2-5
3-1: Called Strike
3-2: Foul Ball, location: 2F
3-2: Base on Balls
Jamie Christian to second
Batting: SHB Chris Wagler 0-0: Called Strike
0-1: Fly out, F7 (Flyball, 7D, EV 108.8 MPH)
Top of the 9th over - 0 runs, 0 hits, 0 errors, 2 left on base; West Michigan 1 - Charleston 0
BOTTOM OF THE 9TH
Charleston RiverDogs batting - Pitching for West Michigan Whitecaps : RHP Rick Young
Pitching: RHP Kyle Moore
Batting: LHB Ernesto Abreu 0-0: Called Strike
0-1: Swinging Strike
0-2: Ball
1-2: Ball
2-2: Foul Ball, location: 2F
2-2: Foul Ball, location: 2F
2-2: Ball
3-2: Reached on error, E4 (Groundball, 4, EV 88.8 MPH)
Batting: LHB Joe Vida 0-0: Foul Ball, location: 2F
0-1: Ball
1-1: Ball
2-1: Foul Ball, location: 2F
2-2: Strikes out looking
Batting: LHB Jeremiah Walker 0-0: Ball
1-0: Called Strike
1-1: Called Strike
1-2: Foul Ball, location: 2F
1-2: Strikes out looking
Batting: RHB Iften Olujimi 0-0: Swinging Strike
0-1: Ball
1-1: Swinging Strike
1-2: Strikes out swinging
Bottom of the 9th over - 0 runs, 0 hits, 1 error, 1 left on base; West Michigan 1 - Charleston 0
Sunday, July 16th , 2023 - OOTP Baseball 24.6 Build 69